 Dungeon Crawl Stone Soup version 0.29.1-2-gbd0b4ee654 (webtiles) character file.

Game seed: 13109722839278241388

217 qeuew the Firebug (level 5, 0/26 HPs)
             Began as a Tengu Fire Elementalist on Nov 4, 2022.
             Was a Believer of Ru.
             Slain by a gnoll
             ... wielding a +0 halberd
              (6 damage)
             ... on level 4 of the Dungeon.
             The game lasted 00:08:10 (5054 turns).

qeuew the Firebug (Tengu Fire Elementalist)         Turns: 5054, Time: 00:08:10

Health: 0/26       AC:  7    Str:  1 (4)  XL:     5   Next: 94%
Magic:  19/19      EV:  4    Int: 15      God:    Ru [**....]
Gold:   146        SH:  0    Dex: 16 (17) Spells: 6/9 levels left

rFire   + . .      SeeInvis .   o - +3 dagger "Feolauc" {pain, Fly rF+ MP+9 Str-4}
rCold   . . .      Faith    .   (no shield)
rNeg    . . .      Spirit   .   h - +0 ring mail
rPois   .          Reflect  .   (helmet restricted)
rElec   .          Harm     .   (no cloak)
rCorr   .          Rampage  .   i - +1 pair of gloves
Will    .....                   (boots unavailable)
Stlth   +.........              b - amulet of magic regeneration
HPRegen 0.08/turn               (no ring)
MPRegen 0.56/turn               (no ring)

@: flying quickly and evasively, held, unable to read, quick
A: beak, talons 3, hated by all, nimble flight, frail 1, screaming 1, inability
to read after injury 1
a: Renounce Religion


You were on level 4 of the Dungeon.
You worshipped Ru.
Ru was pleased with you.
You visited 1 branch of the dungeon, and saw 4 of its levels.

You collected 146 gold pieces.

Inventory:

Hand Weapons
 o - the +3 dagger "Feolauc" (weapon) {pain, Fly rF+ MP+9 Str-4}
   (You found it on level 3 of the Dungeon)

   In the hands of one skilled in necromantic magic, it inflicts extra damage on
   living creatures.
   Str:       It affects your strength (-4).
   rF:        It protects you from fire.
   MP:        It affects your magic capacity (+9).
   Fly:       It grants you flight.
Armour
 e - a +0 kite shield
 h - a +0 ring mail (worn)
 i - a +1 pair of gloves (worn)
Jewellery
 b - an amulet of magic regeneration (around neck)
Wands
 c - a wand of charming (9)
 n - a wand of iceblast (16)
Scrolls
 a - a scroll of fog
 d - a scroll of magic mapping
 f - a scroll of teleportation
 k - 2 scrolls of enchant weapon
 l - a scroll of blinking
 m - 4 scrolls of identify
Potions
 g - 2 potions of heal wounds {unknown}
 j - 2 potions of curing


   Skills:
 * Level 1.5 Fighting
 * Level 2.2 Short Blades
 * Level 2.4 Armour
 * Level 3.1 Dodging
 - Level 2.0 Stealth
 * Level 0.6 Shields
 + Level 2.7 Spellcasting
 + Level 1.8 Conjurations
 + Level 4.1 Fire Magic


You had 6 spell levels left.
You knew the following spells:

 Your Spells              Type           Power      Damage    Failure   Level
a - Foxfire               Conj/Fire      44%        2x1d6     75%         1
b - Scorch                Fire           28%        2d6       73%         2

Your spell library contained the following spells:

 Spells                   Type           Power      Damage    Failure   Level
 Magic Dart               Conj           28%        1d4       88%         1
 Searing Ray              Conj           14%        2d5       96%         2
 Conjure Flame            Conj/Fire      11%        6-21      98%         3
 Apportation              Tloc           4%         N/A       99%         1
 Necrotise                Necr           8%         1d4       99%         1
 Inner Flame              Hex/Fire       8%         N/A       99%         3
 Flame Wave               Conj/Fire      11%        2d6       100%        4
 Fulminant Prism          Conj/Hex       2%         3d6       100%        4
 Summon Small Mammal      Summ           Unusable   N/A       N/A         1

Dungeon Overview and Level Annotations

Branches:
Dungeon (4/15)
 Temple: D:4-7

Altars:
Ashenzari
Elyvilon
Ru
Xom

Shops:
D:3 (

Annotations:
D:3 3 runed translucent doors, videwesjr's ghost, weakling MiBe


Innate Abilities, Weirdness & Mutations

You have a beak for a mouth.
You have claws for feet.
You are hated by all.
Your magical nature lets you fly swiftly and evasively.
You are frail. (-10% HP)
You occasionally shout uncontrollably at your foes.
You occasionally lose the ability to read scrolls when taking damage.


Message History

There is an open door here.
You reach down and open the door.
A gnoll comes into view. It is wielding a +0 flail.
Found a spear.
Found a stone staircase leading down.
There is an open door here.
A gnoll comes into view. It is wielding a +0 flail.
The gnoll shouts! x2; You hear a shout!
A gnoll comes into view. It is wielding a +0 whip.
A gnoll comes into view. It is wielding a +0 halberd.
Found a bubbling cyan potion.
You hit the gnoll. Your kick misses the gnoll.
The gnoll is moderately wounded.
The gnoll barely misses you. The gnoll hits you with a +0 flail.
You hit the gnoll but do no damage. Your kick misses the gnoll.
You peck the gnoll.
The gnoll is moderately wounded.
The gnoll hits you from afar with a +0 halberd.
The gnoll throws a throwing net.
The throwing net hits you.
You become entangled in the net!
The gnoll hits you with a +0 whip!
You are too injured to fight recklessly!
You are too injured to fight recklessly!
You are too injured to fight recklessly!
You are too injured to fight recklessly!
You are too injured to fight recklessly!
You are too injured to fight recklessly!
You are too injured to fight recklessly!
You are too injured to fight recklessly!
You are too injured to fight recklessly!
You are too injured to fight recklessly!
You are too injured to fight recklessly!
You are too injured to fight recklessly!
Unknown command.
You struggle against the net.
The gnoll hits you from afar with a +0 halberd.
The gnoll hits you but does no damage. The gnoll hits you with a +0 whip.
You feel threatened and lose the ability to read scrolls!
* * * LOW HITPOINT WARNING * * *
You tear a large gash into the net.
The gnoll hits you from afar with a +0 halberd.
You die...

#######♣.....♣
..........
.......'.._..+
#######...
.######♣.....♣
#####...
♣.###.♣
........
♣.....♣
######..
♣'♣♣♣+♣ #..
######.#...###
#..
..............#
#..
######.##@g.#.#
#..
......g.g....#
#..
###....g)....#
...
#..........#
##.##....>## #.
#....... #
#.....###
####..#


You could see 4 gnolls.

Vanquished Creatures
  An orc priest (D:3)
  Ijyb (D:3)
  An iguana (D:3)
  5 adders
  A gnoll (D:3)
  2 dart slugs (D:3)
  4 orcs (D:3)
  6 endoplasms
  3 giant cockroaches
  8 goblins
  4 hobgoblins
  3 jackals (D:1)
  2 quokkas
  7 ball pythons
  6 bats
  5 frilled lizards
  10 kobolds
  11 rats
80 creatures vanquished.

Vanquished Creatures (others)
  65 foxfires
65 creatures vanquished.

Grand Total: 145 creatures vanquished

Notes
Turn   | Place    | Note
-------+----------+-------------------------------------------
     0 | D:1      | qeuew the Tengu Fire Elementalist began the quest for the
                  | Orb.
     0 | D:1      | Reached XP level 1. HP: 10/10 MP: 4/4
   595 | D:1      | Reached XP level 2. HP: 13/15 MP: 6/6
   598 | D:1      | Learned a level 2 spell: Scorch
   989 | D:1      | Reached skill level 1 in Short Blades
  1080 | D:1      | Found a faded altar of an unknown god.
  1250 | D:1      | Reached XP level 3. HP: 3/19 MP: 2/7
  2250 | D:2      | Found a sacrificial altar of Ru.
  2264 | D:2      | Became a worshipper of Ru the Awakened
  2438 | D:2      | Reached skill level 1 in Armour
  2773 | D:2      | Reached XP level 4. HP: 23/24 MP: 3/8
  3179 | D:2      | Reached skill level 1 in Fighting
  3427 | D:3      | Found a broken altar of Ashenzari.
  3491 | D:3      | Found a runed translucent gate.
  3491 | D:3      | Noticed videwesjr's ghost (weakling MiBe)
  3494 | D:3      | Found a runed translucent gate.
  3504 | D:3      | Reached skill level 4 in Fire Magic
  3504 | D:3      | Gained mutation: Your magical nature lets you fly swiftly
                  | and evasively. [Tengu growth]
  3504 | D:3      | Reached XP level 5. HP: 22/29 MP: 9/9
  3587 | D:3      | Found a runed translucent gate.
  3713 | D:3      | Found a white marble altar of Elyvilon.
  3748 | D:3      | Found Qugon's Antique Weapon Shop.
  3815 | D:3      | Identified the +3 dagger "Feolauc" {pain, Fly rF+ MP+9
                  | Str-4}
  4100 | D:3      | Noticed Ijyb
  4119 | D:3      | Killed Ijyb
  4120 | D:3      | Gained mutation: You are hated by all. [Ru sacrifice]
  4120 | D:3      | Reached * piety under Ru
  4120 | D:3      | Reached ** piety under Ru
  4314 | D:3      | Gained mutation: You occasionally lose the ability to read
                  | scrolls when taking damage. [mutagenic glow]
  4322 | D:3      | Gained mutation: You occasionally shout uncontrollably at
                  | your foes. [mutagenic glow]
  4333 | D:3      | Gained mutation: You are frail. (-10% HP) [mutagenic glow]
  4769 | D:4      | Found a sacrificial altar of Ru.
  5031 | D:4      | Found a shimmering altar of Xom.
  5054 | D:4      | Slain by a gnoll

Illustrated notes

Levels and vault maps discovered:
D:1:      wander_arrival_estate, layout_loops_corners,
          ebering_ecumenical_altar_webs
D:2:      minmay_inner_zag, layout_loops_ring, basic_altar,
          minmay_split_cup_small
D:3:      minmay_recursive_quarters, layout_basic, evilmike_ruin_ashenzari,
          old_standard_altar, serial_shops, shop, ebering_ghost_rock_garden,
          reono_crystal_passage, uniq_ijyb
D:4:      layout_loops_ring, nicolae_ru_awakened_eye,
          mainiacjoe_overflow_six_doors_small

Skill      XL: |  1  2  3  4  5 |
---------------+----------------+-----
Short Blades   | 1 2 |  2.2
Armour         | 1 2 |  2.4
Fighting       | 1 |  1.5
Fire Magic     | 4 |  4.1
Dodging        | 3 |  3.1
Stealth        | |  2.0
Shields        | |  0.6
Spellcasting   | |  2.7
Conjurations   | |  1.8

Action                   |  1- 3 |  4- 6 || total
-------------------------+-------+-------++-------
Melee: Short sword       |    56 |       ||    56
       Peck              |     9 |    21 ||    30
       Kick              |    15 |    24 ||    39
       Punch             |     2 |       ||     2
       Dagger            |    17 |    94 ||   111
 Cast: Foxfire           |    32 |     9 ||    41
       Scorch            |    17 |    10 ||    27
Invok: Sacrifice Love    |       |     1 ||     1
  Use: Scroll            |     6 |     5 ||    11
       Potion            |     1 |     2 ||     3
Armor: Leather armour    |     2 |       ||     2
       Ring mail         |    36 |    36 ||    72
Dodge: Dodged            |    62 |    25 ||    87
Block: Kite shield       |       |    20 ||    20
